AoeStats
← sub2myof@vivifanoftv

Arena

510324704Analyzed
1v1 RM · 1d ago on Sep 30, 2026· 29m 9s· 2 players
Game mode
Random Map
Map size
Tiny (2 player)
Population
200
Speed
Normal
Resources
Standard
Victory
Conquest
Starting age
Dark Age
Ending age
Imperial Age
RankedLock teamsTeams togetherTeam positionsShared explorationLock speedFull tech treeHidden civsTurbo modeCheats
Victory
Defeat
🇪🇸 Malay · Spain
1218
+15
🇺🇸 Bengalis · United States
1199
-15
sub2myof@vivifanoftv
10:57 Feudal Age
16:20 Castle Age
14:59 Double-Bit Axe
15:11 Horse Collar
16:26 Loom
17:36 Bow Saw
25:10 Redemption
CQ.NOTARIUS
11:04 Feudal Age
11:16 Horse Collar
11:41 Double-Bit Axe
17:56 Castle Age
16:33 Stone Mining
16:46 Gold Mining
18:28 Wheelbarrow
19:29 Forging
21:38 Loom
Connection lost

Rejoining the realm…

Still unreachable

The connection could not be restored.

Session expired

The server has moved on; the page needs a fresh start.